 Dungeon Crawl Stone Soup version 0.29-a0-352-g0917bc69df (webtiles) character file.

Game seed: 12740334198373759575

145 sokol815 the Covert (level 5, -3/34 HPs)
             Began as an Octopode Brigand on Apr 24, 2022.
             Slain by an orc
             ... wielding a +4 short sword of speed
              (7 damage)
             ... on level 3 of the Dungeon.
             The game lasted 00:04:19 (3060 turns).

sokol815 the Covert (Octopode Brigand)              Turns: 3060, Time: 00:04:19

Health: -3/34      AC:  1    Str: 10    XL:     5   Next: 27%
Magic:  5/5        EV: 12    Int: 14    God:
Gold:   86         SH:  0    Dex: 15    Spells: 4/4 levels left

rFire   . . .      SeeInvis +   a - +2 short sword (elec)
rCold   . . .      Faith    .   (no shield)
rNeg    . . .      Spirit   .   (helmet restricted)
rPois   .          Reflect  .   (no amulet)
rElec   .          Harm     .   k - ring of see invisible {sInv, !d}
rCorr   .          Rampage  .   f - ring of flight {+Fly, !d}
Will    .....                   (no ring)
Stlth   +++++.....              (no ring)
HPRegen 0.11/turn               (no ring)
MPRegen 0.09/turn               (no ring)
                                (no ring)
                                (no ring)

@: flying
A: almost no armour, amphibious, 8 rings, camouflage 1, gelatinous body 1,
(nimble swimmer 1), tentacles
a: no special abilities


You were on level 3 of the Dungeon.
You visited 1 branch of the dungeon, and saw 3 of its levels.

You collected 86 gold pieces.

Inventory:

Hand Weapons
 a - a +2 short sword of electrocution (weapon)
   (You took it off a kobold on level 2 of the Dungeon)
 e - a +0 hand axe
   (You found it on level 1 of the Dungeon)
 g - a +2 dagger
Missiles
 b - 9 poisoned darts
 c - 3 curare-tipped darts
 d - 4 atropa-tipped darts
 j - 2 javelins
 l - a boomerang
 s - 61 stones
Jewellery
 f - a ring of flight (right tentacle) {+Fly, !d}
   (You found it on level 1 of the Dungeon)
 k - a ring of see invisible (left tentacle) {sInv, !d}
   (You found it on level 1 of the Dungeon)
Scrolls
 V - a scroll of vulnerability {!r!r}
 X - a scroll of magic mapping {@r4!r}
Potions
 h - a potion of haste
 i - a potion of brilliance {unknown}
 J - a potion of curing {@q1}
 L - a potion of flight


   Skills:
 - Level 2.0 Fighting
 - Level 2.0 Short Blades
 - Level 2.0 Throwing
 - Level 1.0 Dodging
 + Level 8.9 Stealth


You had 4 spell levels left.
You didn't know any spells.
Your spell library contained the following spells:

 Spells                   Type           Power      Damage    Failure   Level
 Apportation              Tloc           0%         N/A       28%         1
 Beastly Appendage        Tmut           0%         N/A       28%         1
 Shock                    Conj/Air       0%         1d3       28%         1
 Wereblood                Tmut           0%         N/A       41%         2
 Spider Form              Tmut/Pois      0%         N/A       65%         3
 Swiftness                Air            0%         N/A       65%         3
 Airstrike                Air            0%         N/A       96%         4
 Alistair's Intoxication  Tmut/Pois      0%         N/A       100%        5


Dungeon Overview and Level Annotations

Branches:
Dungeon (3/15)

Altars:


Innate Abilities, Weirdness & Mutations

You cannot wear most types of armour.
You are amphibious.
You can wear up to eight rings at the same time.
Your skin changes colour to match your surroundings (Stealth+).
Your rubbery body absorbs attacks. (AC +1, EV +1)
((You are camouflaged when in or above water. (Stealth+)))
You have tentacles for arms and can constrict up to eight enemies at once.


Message History

You kill the bat!
No target in view!
j - 2 javelins
There is a stone staircase leading down here.
You now have 86 gold pieces (gained 11).
You see here a scroll of vulnerability {!r!r}.
A jackal comes into view.
A jackal comes into view.
The jackal barks!
You hear a bark! x2; The jackal barks!
You hear an angry hiss. 2 jackals come into view.
The jackal closely misses you. The jackal misses you. The jackal bites you.
The jackal barely misses you.
You take 1 damage, and have 28/29 hp.
You closely miss the jackal. Your grab misses the jackal.
You squeeze the jackal. The jackal closely misses you.
The jackal barely misses you. The jackal closely misses you.
You barely miss the jackal. Your grab misses the jackal.
Your squeeze misses the jackal. The jackal bites you. x3
An adder comes into view.
The jackal barely misses you. The jackal bites you. The jackal misses you.
You take 8 damage, and have 20/29 hp.
MASSIVE DAMAGE!!
The jackal closely misses you.
You hit the jackal.
You kill the jackal!
The jackal barely misses you.
You barely miss the jackal. You grab the jackal. You constrict the jackal.
The jackal bites you but does no damage.
You hit the jackal.
You kill the jackal!
You closely miss the jackal. You grab the jackal.
You constrict the jackal, but do no damage.
The jackal bites you. The jackal barely misses you.
You take 1 damage, and have 20/29 hp.
You hit the jackal. Lightning courses through the jackal!!
You kill the jackal!
You barely miss the adder. You grab the adder. You constrict the adder.
The adder bites you. The adder closely misses you.
You take 4 damage, and have 16/29 hp.
You are too injured to fight recklessly!
You are too injured to fight recklessly!
You are too injured to fight recklessly!
You hit the adder. You constrict the adder. The adder misses you.
You hit the adder. Lightning courses through the adder!
You kill the adder!
You puncture the jackal! Lightning courses through the jackal!!
You kill the jackal!
You see here a jackal corpse.
You see here a scroll of vulnerability {!r!r}.
V - a scroll of vulnerability {!r!r}
k - a ring of see invisible (left tentacle) {sInv, !d} You start resting.
Health restored: 29 You see here a jackal corpse.
You see here a bat skeleton.
An orc comes into view. It is wielding a +0 hand axe.
An orc and an orc priest come into view.
The orc shouts! x2; You hear a shout!
The orc hits you with a +0 hand axe.
You take 6 damage, and have 23/29 hp.
MASSIVE DAMAGE!!
The orc priest shouts!
You puncture the orc!
You kill the orc!
The orc priest calls down the wrath of Beogh upon you.
Beogh smites you!
You take 14 damage, and have 9/29 hp.
MASSIVE DAMAGE!!
An orc comes into view. It is wielding a +0 dagger.
The orc misses you.
You see here a +0 hand axe.
You hit the orc. You grab the orc. You squeeze the orc. You constrict the orc.
You kill the orc!
You hit the orc priest.
Lightning courses through the orc priest!
You kill the orc priest!
You have reached level 5!
You feel clever.
You regained 2 hp, and now have 11/34 hp.
MP restored: 5 You hit the orc.
You kill the orc!
l - a boomerang
Items here: ))) [[ †.
Okay, then.
You start resting.
An orc comes into view.
It is wielding a +4 short sword of speed.
You regained 4 hp, and now have 15/34 hp.
The orc hits you with a +4 short sword of speed.
You take 3 damage, and have 12/34 hp.
You completely miss the orc. You grab the orc. You squeeze the orc.
You constrict the orc.
The orc hits you with a +4 short sword of speed!
* * * LOW HITPOINT WARNING * * *
You take 8 damage, and have 4/34 hp.
MASSIVE DAMAGE!!
You hit the orc but do no damage. You constrict the orc.
The orc hits you with a +4 short sword of speed!
You die...

#.#.#.# #.#...##
#.##...# ##.
###.#### ##...
#....# #.. ##...#
#.##########..#
#####........###..#
#.@))..........÷...
#o####.......###.#.
#. ######### #.#.
#. #..> .. ##.. .#
#.. ## #<# ...# ###
..####


You could see an orc.

Vanquished Creatures
  An orc priest (D:3)
  5 adders
  A dart slug (D:1)
  3 orcs (D:3)
  6 bats
  2 endoplasms (D:1)
  2 giant cockroaches (D:2)
  4 goblins
  11 hobgoblins
  4 jackals (D:3)
  5 kobolds
  4 quokkas
  6 ball pythons
  4 frilled lizards
  4 rats
62 creatures vanquished.

Notes
Turn   | Place    | Note
-------+----------+-------------------------------------------
     0 | D:1      | sokol815 the Octopode Brigand began the quest for the Orb.
     0 | D:1      | Reached XP level 1. HP: 14/14 MP: 1/1
   215 | D:1      | Reached skill level 6 in Stealth
   215 | D:1      | Reached XP level 2. HP: 19/19 MP: 2/2
   549 | D:1      | Reached XP level 3. HP: 24/24 MP: 3/3
   563 | D:1      | Found a faded altar of an unknown god.
   993 | D:2      | Reached skill level 7 in Stealth
  1704 | D:2      | Reached XP level 4. HP: 29/29 MP: 4/4
  1713 | D:2      | HP: 3/29 [kobold/+2 short sword of electrocution (5)]
  2031 | D:2      | Identified the +0 pair of gloves of Gimiupn {rElec rPois
                  | rF- Int-3}
  2400 | D:3      | Reached skill level 8 in Stealth
  3026 | D:3      | Reached XP level 5. HP: 11/34 MP: 5/5
  3059 | D:3      | HP: 4/34 [orc/+4 short sword of speed (8)]
  3060 | D:3      | Slain by an orc

Illustrated notes

Levels and vault maps discovered:
D:1:      dpeg_arrival_water_temple_mockup, layout_rooms,
          hellmonk_ecumenical_altar_leap_of_faith, chequers_serial_rivers_room_a
D:2:      layout_basic, bh_walls_and_bars
D:3:      layout_rooms, serial_bayou_pond_a, uniq_sigmund

Skill      XL: |  1  2  3  4 |
---------------+-------------+-----
Stealth        | 6 7 8 |  8.9
Fighting       | |  2.0
Short Blades   | |  2.0
Throwing       | |  2.0
Dodging        | |  1.0

Action                   |  1- 3 |  4- 6 || total
-------------------------+-------+-------++-------
Melee: Dagger            |    69 |     5 ||    74
       Constrict         |    15 |     8 ||    23
       Tentacles         |     8 |     6 ||    14
       Punch             |     1 |       ||     1
       Short sword       |       |    36 ||    36
Throw: Stone             |     3 |       ||     3
  Use: Scroll            |     5 |     2 ||     7
 Stab: Sleeping          |    15 |     4 ||    19
Armor: Skin              |     4 |     4 ||     8
Dodge: Dodged            |    20 |    32 ||    52

Table legend: (Time is in decaauts)
 A = Elapsed time spent in this place.
 B = Non-inter-level travel time spent in this place.
 C = Inter-level travel time spent in this place.
 D = Time resting spent in this place.
 E = Time spent auto-exploring this place.
 F = Levels seen in this place.
 G = Mean time per level.
                   A        B        C        D        E       F      G
               +--------+--------+--------+--------+--------+-----+--------+
         Total |   3050 |   3020 |     30 |    817 |   1793 |   3 | 1016.7 |
       Dungeon |   3050 |   3020 |     30 |    817 |   1793 |   3 | 1016.7 |
               +--------+--------+--------+--------+--------+-----+--------+

Top non-repeatable levels by time:
     D:2: 1422 daAuts
     D:1: 955 daAuts
     D:3: 672 daAuts

Table legend:
 A = Kills in this place as a percentage of kills in entire the game.
 B = Kills by you in this place as a percentage of kills by you in the entire game.
 C = Kills by friends in this place as a percentage of kills by friends in the entire game.
 D = Other kills in this place as a percentage of other kills in the entire game.
 E = Experience gained in this place as a percentage of experience gained in the entire game.
 F = Experience gained in this place divided by the number of levels of this place that you have seen.
                   A       B       C       D       E      F
               +-------+-------+-------+-------+-------+----------------------
         Total | 100.0 | 100.0 |   N/A |   N/A | 100.0 |  69.3
       Dungeon | 100.0 | 100.0 |   N/A |   N/A | 100.0 |  69.3
               +-------+-------+-------+-------+-------+----------------------
